 Dungeon Crawl Stone Soup version 0.30-a0-760-g5a9884bb7c (webtiles) character file.

Game seed: 7161657059906616568

18427 Crownlay the Scorcher (level 12, -14/94 HPs)
             Began as a Hill Orc Fire Elementalist on Feb 11, 2023.
             Was a Priest of Sif Muna.
             Demolished by a demonic crawler (17 damage)
             ... on level 1 of the Lair of Beasts.
             The game lasted 00:36:58 (19244 turns).

Crownlay the Scorcher (Hill Orc Fire Elementalist) Turns: 19244, Time: 00:36:59

Health: -14/94     AC:  7    Str: 18    XL:     12   Next: 58%
Magic:  0/22       EV: 12    Int: 19    God:    Sif Muna [***...]
Gold:   787        SH:  0    Dex: 11    Spells: 8/14 levels left

rFire   . . .      SeeInvis .    p - +5 dagger (venom)
rCold   + . .      Faith    .    (no shield)
rNeg    . . .      Spirit   +    Q - +2 robe {rC+}
rPois   .          Reflect  .    c - +0 helmet
rElec   .          Harm     .    (no cloak)
rCorr   +          Rampage  .    (no gloves)
Will    .....                    R - +1 pair of boots
Stlth   ++                       a - amulet of guardian spirit
HPRegen 0.35/turn                F - ring of wizardry
MPRegen 0.18/turn                N - ring of Utoateps {rCorr Str+6}

@: weak-willed
A: no striking features
a: Renounce Religion, Channel Magic, Forget Spell


You were on level 1 of the Lair of Beasts.
You worshipped Sif Muna.
Sif Muna was most pleased with you.
You visited 3 branches of the dungeon, and saw 16 of its levels.

You collected 787 gold pieces.

Inventory:

Hand Weapons
 o - a +2 dagger of holy wrath
 p - a +5 dagger of venom (weapon)
 M - the +6 whip "Xiextifaba" {freeze, rElec rCorr}
   (You found it on level 10 of the Dungeon)

   rElec:     It insulates you from electricity.
   rCorr:     It protects you from acid and corrosion.
Armour
 c - a +0 helmet (worn)
 Q - a +2 robe of cold resistance (worn)
 R - a +1 pair of boots (worn)
Magical Staves
 m - a staff of fire
Jewellery
 a - an amulet of guardian spirit (around neck)
 i - a ring of protection from cold
 y - a ring of poison resistance
 F - a ring of wizardry (left hand)
 L - a ring of see invisible
 N - the ring of Utoateps (right hand) {rCorr Str+6}
   (You found it on level 10 of the Dungeon)

   [ring of strength]

   Str:       It affects your strength (+6).
   rCorr:     It protects you from acid and corrosion.
Wands
 s - a wand of mindburst (13)
 u - a wand of charming (23)
 B - a wand of acid (2)
 D - a wand of flame (12)
 G - a wand of roots (4)
Scrolls
 b - 8 scrolls of enchant armour
 f - 2 scrolls of teleportation
 g - a scroll of acquirement {unknown}
 n - a scroll of blinking
 q - a scroll of butterflies
 v - a scroll of immolation
 x - a scroll of torment {unknown}
 A - 2 scrolls of magic mapping {unknown}
 E - 7 scrolls of amnesia
 I - a scroll of fog {unknown}
 K - a scroll of enchant weapon {unknown}
 P - a scroll of brand weapon {unknown}
Potions
 d - 4 potions of brilliance {unknown}
 e - 3 potions of haste
 h - 2 potions of curing
 j - 2 potions of heal wounds
 r - 4 potions of attraction
 t - 2 potions of mutation
 w - 5 potions of flight
 z - 2 potions of berserk rage {unknown}
 C - 2 potions of cancellation
 H - 3 potions of might {unknown}
 J - 2 potions of magic
 O - 2 potions of lignification {unknown}


   Skills:
 + Level 5.5 Fighting
 - Level 1.5 Dodging
 - Level 1.5 Stealth
 - Level 1.5 Spellcasting
 + Level 5.6 Conjurations
 * Level 6.9 Hexes
 - Level 15.5 Fire Magic
 * Level 13.7 Invocations


You had 8 spell levels left.
You knew the following spells:

 Your Spells              Type           Power      Damage    Failure   Level
a - Foxfire               Conj/Fire      100%       2x1d9     1%          1
b - Scorch                Fire           100%       2d10      1%          2
c - Inner Flame           Hex/Fire       44%        N/A       1%          3

Your spell library contained the following spells:

 Spells                   Type           Power      Damage    Failure   Level
 Flame Wave               Conj/Fire      41%        2d11      1%          4
 Kindle Blastsparks       Fire/Tloc/Air  42%        2d13      2%          3
 Summon Forest            Summ/Tloc      0%         N/A       86%         5
 Eringya's Noxious Bog    Tmut/Pois      0%         N/A       100%        6
 Summon Hydra             Summ           0%         N/A       100%        7


Dungeon Overview and Level Annotations

Branches:
Dungeon (13/15)            Temple (1/1) D:4            Lair (2/5) D:9
    Orc (0/2) D:10
  Swamp: Lair:2-3    Shoals: Lair:2-3     Snake: Lair:2-3    Spider: Lair:2-3
 Vaults: D:13-14

Altars:
Ashenzari
Cheibriados
Elyvilon
Fedhas
Hepliaklqana
Kikubaaqudgha
Makhleb
Nemelex Xobeh
Qazlal
Ru
Sif Muna
Trog
Vehumet
Wu Jian
Xom
Yredelemnul
Zin
The Shining One

Annotations:
D:7 4 runed translucent doors


Message History

Blink to where?
Press: ? - help, Dir - move target
As you read the scroll of blinking, it crumbles to dust.
The demonic crawler is engulfed in a cloud of scalding steam.
Press: ? - help, v - describe, . - travel
Here: a demonic crawler (more vulnerable to fire)
The floor.
Unknown command.
Okay, then.
Okay, then.
Really read the scroll of vulnerability?
As you read the scroll of vulnerability, it crumbles to dust.
Magic quickly surges around you.
There's nothing to close nearby.
Unknown command.
Aiming: Fastroot
Press: ? - help, Shift-Dir - straight line The roots erupt in riotous growth!
Roots grab the demonic crawler.
The grasping roots constrict the demonic crawler!
The demonic crawler hits you but does no damage.
The demonic crawler closely misses you. The demonic crawler hits you.
* * * LOW HITPOINT WARNING * * *
The grasping roots constrict the demonic crawler.
The roots release their grip on the demonic crawler.
The demonic crawler hits you.
* * * LOW HITPOINT WARNING * * *
The demonic crawler hits you.
* * * LOW HITPOINT WARNING * * *
The demonic crawler hits you!
* * * LOW HITPOINT WARNING * * *
Aiming: Fastroot
Press: ? - help, Shift-Dir - straight line The roots erupt in riotous growth!
Roots grab the demonic crawler.
The grasping roots constrict the demonic crawler.
The demonic crawler hits you!
* * * LOW HITPOINT WARNING * * *
The demonic crawler hits you!
You die...

......#.......##.......(.........
...†..#.#.>†.##........).........
........###.#....................
..##.#### ###....########.####.PP
.##### #.<..# ### #### .## ##...#
..### #...# ....## #...# .....###
#..@# ......P# ##..s# ###
.......# #....# ####~### ..P...##
##.(.###~~~~~~# ......#
#....#~~s§~~~# ### # .....##
#...##~≈P~~≈~###.### #..###
#....~~##~##~~#.##.. ..##
#...~~~#~~~#~~~...P. ..#
#...~≈##!~~##≈~.....


You could see a demonic crawler (weak-willed, combustible, rooted).

Vanquished Creatures
  Fannar (D:10)
  Harold (D:9)
  A centaur warrior (D:9)
  A boulder beetle (D:11)
  3 two-headed ogres
  Sonja (D:10)
  An ugly thing (D:11)
  A manticore (D:12)
  A black mamba (Lair:1)
  Psyche (D:9)
  An unseen horror (D:11)
  Maggie (D:8)
  3 cane toads (Lair:1)
  A rime drake (Lair:2)
  3 trolls
  A hornet (D:8)
  Prince Ribbit (D:8)
  4 blink frogs (Lair:2)
  2 shadows
  3 wraiths
  10 yaks
  2 wyverns
  2 steam dragons
  2 swamp worms (Lair:1)
  7 water moccasins
  2 floating eyes (D:9)
  An ice beast (D:6)
  5 orc warriors
  3 sky beasts
  A black bear (Lair:1)
  5 centaurs
  A kobold brigand (D:8)
  2 necrophages
  A gnoll sergeant (D:9)
  5 scorpions
  7 bullfrogs
  17 wights
  10 killer bees
  A howler monkey (D:11)
  An electric eel (D:7)
  2 hounds
  3 gnoll boudas
  4 jellies
  5 orc priests
  3 iguanas
  3 iron imps (D:3)
  Natasha (thrice) (D:2)
  9 orc wizards
  Terence (D:2)
  Robin (D:2)
  7 gnolls
  12 adders
  A shadow imp (D:8)
  2 white imps
  4 ufetubi
  3 worms
  3 dart slugs
  35 orcs
  A bat (D:1)
  5 endoplasms
  4 giant cockroaches (D:2)
  13 goblins
  9 hobgoblins
  6 jackals
  9 kobolds
  2 quokkas
  5 ball pythons
  3 frilled lizards
  5 rats
280 creatures vanquished.

Vanquished Creatures (collateral kills)
  7 foxfires
7 creatures vanquished.

Vanquished Creatures (others)
  A yak (D:9)
  1217 foxfires
  10 fungi
  22 plants
1250 creatures vanquished.

Grand Total: 1537 creatures vanquished

Notes
Turn   | Place    | Note
-------+----------+-------------------------------------------
     0 | D:1      | Crownlay the Hill Orc Fire Elementalist began the quest for
                  | the Orb.
     0 | D:1      | Reached XP level 1. HP: 14/14 MP: 3/3
   145 | D:1      | Reached XP level 2. HP: 20/20 MP: 0/4
   227 | D:1      | Reached skill level 4 in Fire Magic
  1199 | D:2      | Reached XP level 3. HP: 26/26 MP: 0/5
  1202 | D:2      | Learned a level 2 spell: Scorch
  1661 | D:2      | Reached skill level 5 in Fire Magic
  1835 | D:2      | Noticed Terence
  1862 | D:2      | HP: 1/26 [Terence/+0 trident (8)]
  1864 | D:2      | Killed Terence
  1865 | D:2      | Reached XP level 4. HP: 2/33 MP: 2/6
  2027 | D:2      | Noticed Natasha
  2028 | D:2      | Noticed Robin
  2524 | D:2      | Killed Robin
  2525 | D:2      | Reached skill level 6 in Fire Magic
  2539 | D:2      | Reached XP level 5. HP: 34/38 MP: 1/7
  2678 | D:2      | Killed Natasha
  2819 | D:2      | Noticed Natasha
  2825 | D:2      | Killed Natasha
  2904 | D:2      | Noticed Natasha
  2906 | D:2      | Killed Natasha
  3227 | D:3      | Reached skill level 7 in Fire Magic
  3295 | D:3      | Found a burning altar of Makhleb.
  3436 | D:3      | Found a faded altar of an unknown god.
  3565 | D:3      | Reached XP level 6. HP: 24/45 MP: 8/8
  4122 | D:4      | Reached skill level 8 in Fire Magic
  4477 | D:4      | Learned a level 3 spell: Inner Flame
  4601 | D:4      | Reached skill level 1 in Fighting
  4601 | D:4      | Reached XP level 7. HP: 52/52 MP: 2/9
  4894 | D:4      | Found a staircase to the Ecumenical Temple.
  4916 | Temple   | Entered the Ecumenical Temple
  4938 | Temple   | Became a worshipper of Sif Muna the Loreminder
  5239 | D:5      | Entered Level 5 of the Dungeon
  5244 | D:5      | Reached skill level 1 in Hexes
  5271 | D:5      | Reached skill level 1 in Invocations
  6289 | D:6      | Reached XP level 8. HP: 52/61 MP: 0/10
  6291 | D:6      | Reached skill level 9 in Fire Magic
  6564 | D:6      | Reached * piety under Sif Muna
  7066 | D:6      | Reached skill level 10 in Fire Magic
  7066 | D:6      | Reached XP level 9. HP: 58/69 MP: 0/12
  7078 | D:6      | Noticed a two-headed ogre
  7180 | D:6      | Killed a two-headed ogre
  7655 | D:7      | Reached skill level 11 in Fire Magic
  7856 | D:7      | Noticed a polar bear
  7857 | D:7      | Found a huge runed translucent gate.
  7857 | D:7      | Noticed a polar bear
  7857 | D:7      | Noticed a polar bear
  7857 | D:7      | Noticed a polar bear
  7858 | D:7      | Found a huge runed translucent gate.
  7858 | D:7      | Found a huge runed translucent gate.
  7858 | D:7      | Found a huge runed translucent gate.
  7858 | D:7      | Noticed a polar bear
  7858 | D:7      | Noticed a polar bear
  7859 | D:7      | Noticed a polar bear
  7859 | D:7      | Noticed a polar bear
  8917 | D:8      | Noticed Maggie
  8927 | D:8      | Killed Maggie
  8928 | D:8      | Reached skill level 12 in Fire Magic
  8928 | D:8      | Reached XP level 10. HP: 37/77 MP: 5/16
  9407 | D:8      | Reached ** piety under Sif Muna
 10035 | D:8      | Noticed Prince Ribbit
 10041 | D:8      | Killed Prince Ribbit
 10042 | D:8      | Reached skill level 13 in Fire Magic
 10767 | D:9      | Found a staircase to the Lair.
 10862 | D:9      | Noticed Psyche
 10872 | D:9      | Killed Psyche
 10877 | D:9      | Reached skill level 10 in Invocations
 10879 | D:9      | Reached skill level 14 in Fire Magic
 10887 | D:9      | Reached XP level 11. HP: 20/82 MP: 10/18
 11200 | D:9      | Noticed a centaur warrior
 11212 | D:9      | Killed a centaur warrior
 11430 | D:9      | Noticed a two-headed ogre
 11430 | D:9      | Noticed a two-headed ogre
 11432 | D:9      | Paralysed by a floating eye for 3 turns
 11702 | D:9      | Paralysed by a floating eye for 4 turns
 11729 | D:9      | Noticed Harold
 11872 | D:8      | HP: 3/82 [two-headed ogre/+0 giant club (17)]
 11874 | D:8      | Killed a two-headed ogre
 12185 | D:9      | Killed a two-headed ogre
 12300 | D:9      | Reached skill level 15 in Fire Magic
 12482 | D:9      | Killed Harold
 12789 | D:9      | Found a glowing silver altar of Zin.
 12789 | D:9      | Found a broken altar of Ashenzari.
 12790 | D:9      | Found an ancient bone altar of Kikubaaqudgha.
 12821 | D:9      | Reached *** piety under Sif Muna
 13450 | D:10     | Entered Level 10 of the Dungeon
 13911 | D:10     | Identified the +6 whip "Xiextifaba" {freeze, rElec rCorr}
 13922 | D:10     | Identified the ring of Utoateps {rCorr Str+6}
 14198 | D:10     | Noticed Sonja
 14207 | D:10     | Killed Sonja
 14339 | D:10     | Found a staircase to the Orcish Mines.
 14620 | D:10     | Noticed Fannar
 14648 | D:10     | Killed Fannar
 15209 | D:11     | You fall into a shaft and drop 2 floors!
 15242 | D:13     | Reached skill level 5 in Hexes
 15651 | D:11     | Reached XP level 12. HP: 57/91 MP: 5/21
 16430 | D:11     | Noticed a boulder beetle
 16449 | D:11     | Killed a boulder beetle
 16642 | D:11     | Reached skill level 5 in Conjurations
 17150 | Lair:1   | Entered Level 1 of the Lair of Beasts
 17698 | Lair:1   | Reached skill level 5 in Fighting
 19244 | Lair:1   | HP: 3/94 [demonic crawler (10)]
 19244 | Lair:1   | Demolished by a demonic crawler

Illustrated notes

Levels and vault maps discovered:
D:1:      dpeg_arrival_stone_temple_mockup, layout_loops_cross,
          nicolae_concentric_dashed_squares_wild, serial_park_tiny_pond,
          fountainhead, skrybe_limestone_x, hangedman_decor_push
D:2:      layout_loops_ring, corexii_shack, minmay_statues_item,
          chequers_serial_rivers_small_b, uniq_terence, uniq_robin, uniq_natasha
D:3:      layout_rooms, demons_altar, shapermc_ecumenical_altar_acropolis
D:4:      minmay_recursive_quarters, layout_cave_pools,
          minmay_temple_entry_nine_rooms
D:5:      minmay_evil_eye, layout_rooms, minivault_23
D:6:      minmay_cornered_nines, layout_rooms
D:7:      lemuel_bear_cage, layout_loops_corners, nrook_pool_corridor
D:8:      layout_loops_ring, chequers_serial_rivers_room_a, grunt_ministairs_2,
          chequers_serial_rivers_large_a, uniq_maggie, uniq_prince_ribbit1
D:9:      layout_roguey, gammafunk_temple_overflow_claw, lair_entry_dummy,
          onia_ninara_cookie, uniq_psyche, uniq_harold
D:10:     layout_cave_pods, orc_0_dummy, evilmike_butchery, uniq_sonja,
          uniq_fannar
D:11:     layout_basic, minivault_23
D:12:     layout_cave_pods
D:13:     layout_loops_ring, lightli_vaults_fourway_checkpoint,
          minmay_shop_enchanted_jewellery, minmay_evil_grid, uniq_jorgrun
Temple:   dpeg_three_leaves_temple
Lair:1:   layout_hall_layers, worms_lemuel, lemuel_fruit_fields,
          grunt_megastairs_5
Lair:2:   layout_regular_city, minmay_snake_entry_six_corridors

Skill      XL: |  1  2  3  4  5  6  7  8  9 10 11 12 |
---------------+-------------------------------------+-----
Fire Magic     | 4 5 6 7 8 10 12 14 15 | 15.5
Fighting       | 1 2 3 4 5 |  5.5
Hexes          | 2 3 4 5 6 |  6.9
Invocations    | 2 4 8 10 12 13 | 13.7
Conjurations   | 2 3 4 5 |  5.6
Dodging        | |  1.5
Stealth        | |  1.5
Spellcasting   | |  1.5

Action                     |  1- 3 |  4- 6 |  7- 9 | 10-12 || total
---------------------------+-------+-------+-------+-------++-------
  Melee: Long sword        |    42 |     6 |       |       ||    48
         Staff             |       |    19 |    46 |    10 ||    75
         Dagger            |       |    23 |    12 |    16 ||    51
         Punch             |       |       |       |     1 ||     1
   Cast: Foxfire           |    74 |   117 |   168 |   376 ||   735
         Scorch            |     2 |     4 |    20 |   134 ||   160
         Inner Flame       |       |     1 |     2 |    30 ||    33
 Invoke: Channel Magic     |       |       |       |     5 ||     5
  Evoke: Wand              |       |       |       |    14 ||    14
    Use: Scroll            |     3 |     1 |     7 |    16 ||    27
         Potion            |     1 |     1 |       |     6 ||     8
   Stab: Sleeping          |       |     1 |     1 |       ||     2
 Armour: Robe              |    11 |     6 |    27 |    42 ||    86
  Dodge: Dodged            |    28 |    37 |    70 |   122 ||   257

Table legend: (Time is in decaauts)
 A = Elapsed time spent in this place.
 B = Non-inter-level travel time spent in this place.
 C = Inter-level travel time spent in this place.
 D = Time resting spent in this place.
 E = Time spent auto-exploring this place.
 F = Levels seen in this place.
 G = Mean time per level.
                   A        B        C        D        E       F      G
               +--------+--------+--------+--------+--------+-----+--------+
         Total |  19313 |  18426 |    887 |    810 |  14682 |  16 | 1207.1 |
       Dungeon |  17202 |  16356 |    846 |    530 |  13448 |  13 | 1323.2 |
        Temple |     26 |     26 |      0 |      0 |      0 |   1 |   26.0 |
          Lair |   2083 |   2043 |     40 |    280 |   1233 |   2 | 1041.5 |
               +--------+--------+--------+--------+--------+-----+--------+

Top non-repeatable levels by time:
     D:9: 2591 daAuts
     D:8: 2327 daAuts
  Lair:1: 1785 daAuts
     D:2: 1729 daAuts
    D:11: 1616 daAuts
     D:7: 1427 daAuts
    D:10: 1330 daAuts
     D:1: 1289 daAuts
     D:6: 1131 daAuts
     D:3: 1118 daAuts
     D:4: 1117 daAuts
     D:5: 1117 daAuts
  Lair:2: 298 daAuts
    D:12: 268 daAuts
    D:13: 136 daAuts
